 Dungeon Crawl Stone Soup version 0.15-a0-1309-g3520d71 (webtiles) character file.

3083 MrRokkomies the Quickloader (level 10, 0/52 HPs)
             Began as a Kobold Arcane Marksman on June 7, 2014.
             Was an Initiate of Dithmenos.
             Killed by divine providence
             ... invoked by an orc priest
              (15 damage)
             ... on Level 8 of the Dungeon.
             The game lasted 00:35:31 (12011 turns).

MrRokkomies the Quickloader (KoAM)                 Turns: 12011, Time: 00:35:33

HP   0/52        AC 11     Str 10      XL: 10   Next: 12%
MP  12/13        EV 11     Int 18      God: Dithmenos [......]
Gold 256         SH  0     Dex 16      Spells:  4 memorised,  1 level left

rFire  . . .     SeeInvis .     r - +1 dagger (venom)
rCold  . . .     Clarity  .     A - +4 ring mail
rNeg   . . .     rCorr    .     (no shield)
rPois  .         rRot     .     I - +0 helmet
rElec  .         Spirit   .     H - +0 cloak
SustAb .         Warding  .     (no gloves)
rMut   .         Stasis   .     (no boots)
Gourm  .                        (no amulet)
MR     .....                    (no ring)
                                h - +4 ring of intelligence

@: lethally poisoned, not resistant to hostile enchantments, very unstealthy
A: carnivore 3
a: Renounce Religion


You were on level 8 of the Dungeon.
You worshipped Dithmenos.
Dithmenos was noncommittal.
You were not hungry.

You visited 2 branches of the dungeon, and saw 9 of its levels.

You collected 256 gold pieces.

Inventory:

Hand weapons
 a - a +3,+1 dagger of speed
 b - a +0,+0 crossbow
 r - a +1,+1 dagger of venom (weapon)
 v - a +2,+1 dagger of freezing
 B - a +0,+1 antimagic short sword
 J - a +2,+0 cutlass of electrocution
Missiles
 c - 25 bolts
 w - 33 poisoned needles
Armour
 A - a +4 ring mail (worn)
 G - a +1 robe of fire resistance
 H - a +0 cloak (worn)
 I - a +0 helmet (worn)
Magical devices
 q - a wand of confusion (9)
 y - a wand of teleportation (4)
 C - a wand of slowing (6)
Comestibles
 f - 4 meat rations
 g - a beef jerky
Scrolls
 e - 2 scrolls of identify
 l - a scroll of fog
 m - 3 scrolls of magic mapping
 o - 3 scrolls of remove curse
 p - 2 scrolls of teleportation
 s - 2 scrolls of recharging
Jewellery
 h - a +4 ring of intelligence (left hand)
 F - an uncursed amulet of warding {unknown}
Potions
 i - a potion of restore abilities
 j - a potion of resistance
 k - a potion of curing
 n - 3 potions of haste
 t - a potion of lignification
 u - a potion of berserk rage {unknown}
 z - 4 potions of might
 D - a potion of paralysis {unknown}
Books
 d - a book of Debilitation

   Spells                             Type                      Level
   *Corona                            Hexes                        1
   *Slow                              Hexes                        2
   Inner Flame                        Hexes/Fire                   3
   *Enslavement                       Hexes                        4
   Cause Fear                         Hexes                        4
   Leda's Liquefaction                Hexes/Earth                  4
 x - a book of Necromancy

   Spells                             Type                      Level
   Pain                               Necromancy                   1
   Animate Skeleton                   Necromancy                   1
   Vampiric Draining                  Necromancy                   3
   *Regeneration                      Charms/Necromancy            3
   Animate Dead                       Necromancy                   4
   Control Undead                     Necromancy                   4
 E - a book of Power

   Spells                             Type                      Level
   Fulminant Prism                    Conjuration/Hexes            4
   Iskenderun's Mystic Blast          Conjuration                  4
   Venom Bolt                         Conjuration/Poison           5
   Bolt of Magma                      Conjuration/Fire/Earth       5
   Iron Shot                          Conjuration/Earth            6
   Orb of Destruction                 Conjuration                  7


   Skills:
 - Level 1.1 Fighting
 * Level 7.6 Short Blades
 - Level 10.0 Crossbows
 - Level 2.4 Dodging
 - Level 1.0 Spellcasting
 * Level 9.4 Hexes


You had one spell level left.
You knew the following spells:

 Your Spells              Type           Power        Failure   Level  Hunger
a - Corona                Hex            ####...      1%          1    ##.....
b - Slow                  Hex            ####....     1%          2    ###....
c - Enslavement           Hex            ####....     10%         4    #####..
d - Regeneration          Chrm/Necr      #.........   93%         3    ####...


Dungeon Overview and Level Annotations

Branches:
Dungeon (8/15)             Temple (1/1) D:4
   Lair: D:8-11

Altars:
Ashenzari
Cheibriados
Dithmenos
Elyvilon
Fedhas
Gozag
Kikubaaqudgha
Makhleb
Okawaru
Qazlal
Sif Muna
Trog
Vehumet
Yredelemnul
Zin
The Shining One


Innate Abilities, Weirdness & Mutations

You are small and have problems with some larger weapons.
You are carnivorous and can eat meat at any time.


Message History

Wield which item (- for none, * to show all)? (? for menu, Esc to quit)
It begins to drip with poison!
r - a +1,+1 dagger of venom (weapon)
You hit the orc priest.
The orc priest is poisoned.
The orc priest is moderately wounded.
You hit the orc wizard.
The orc wizard is poisoned.
The orc wizard is moderately wounded.
You barely miss the orc wizard.
The orc wizard is moderately wounded.
The orc wizard gestures at you while chanting.
The magic dart hits you!
* * * LOW HITPOINT WARNING * * *
The orc priest looks braver.
You hit the orc priest.
The orc priest is severely wounded.
The orc wizard hits you but does no damage.
You are poisoned.
The orc priest mumbles some strange prayers to Beogh against you.
Something smites you!
You die...

..# #....o. #.### ......
#...# ...#### ###%######
### #....######
.........# #..
#o........# .........#
#.# #h###.###.#
.......>.##### #.# #...#
.............###.#####o#
.........###...o@#..o..#
.........# #####o#.#####
.........# #...#
########## #.### #...#
#####


You could see an orc priest and an orc wizard.

Vanquished Creatures
  4 yaks (D:7)
  A hippogriff (D:7)
  2 phantoms
  A sky beast (D:6)
  2 centaurs
  A black bear (D:8)
  2 ogres (D:4)
  Duvessa (D:7)
  A big kobold (D:7)
  4 giant frogs
  5 killer bees (D:7)
  A scorpion (D:7)
  A wight (D:7)
  A troll skeleton (D:3)
  Dowan (D:7)
  A crimson imp (D:4)
  A goliath beetle (D:6)
  A jelly (D:7)
  5 orc priests
  2 iguanas
  4 hounds
  A centaur skeleton (D:4)
  3 orc wizards
  A gnoll shaman (D:4)
  3 worker ants
  Ijyb (D:5)
  A crocodile skeleton (D:8)
  6 gnolls (D:4)
  5 adders
  2 big fish zombies (D:4)
  2 giant mites
  A goliath beetle zombie (D:5)
  2 worms
  2 orc skeletons
  An adder skeleton (D:6)
  2 oozes
  20 orcs
  4 ball pythons
  A bat zombie (D:7)
  4 giant cockroaches
  12 goblins
  15 hobgoblins
  14 bats
  5 giant newts
  A goblin skeleton (D:3)
  A hobgoblin zombie (D:4)
  9 jackals
  19 kobolds
  A kobold skeleton (D:4)
  4 quokkas
  14 rats
  4 ballistomycetes (D:8)
203 creatures vanquished.

Vanquished Creatures (collateral kills)
  An orc priest (D:8)
1 creature vanquished.

Vanquished Creatures (others)
  4 wights (D:8)
  A giant spore (D:8)
5 creatures vanquished.

Grand Total: 209 creatures vanquished

Notes
Turn   | Place    | Note
--------------------------------------------------------------
     0 | D:1      | MrRokkomies, the Kobold Arcane Marksman, began the quest for the Orb.
     0 | D:1      | Reached XP level 1. HP: 12/12 MP: 2/2
   237 | D:1      | Reached XP level 2. HP: 16/16 MP: 3/3
   866 | D:1      | Reached XP level 3. HP: 15/20 MP: 4/4
  2026 | D:2      | Reached XP level 4. HP: 15/25 MP: 5/5
  2636 | D:2      | Found a deep blue altar of Sif Muna.
  2685 | D:2      | Reached skill level 4 in Hexes
  3332 | D:3      | Noticed a phantom
  3360 | D:3      | Killed a phantom
  3360 | D:3      | Reached skill level 5 in Crossbows
  3360 | D:3      | Reached XP level 5. HP: 17/29 MP: 7/7
  3364 | D:3      | Learned a level 2 spell: Slow
  3368 | D:3      | Learned a level 3 spell: Inner Flame
  3970 | D:3      | Reached XP level 6. HP: 21/34 MP: 8/8
  4196 | D:3      | Found a glowing golden altar of the Shining One.
  5197 | D:4      | Reached skill level 6 in Crossbows
  5441 | D:4      | Found a staircase to the Ecumenical Temple.
  5461 | D:4      | Reached XP level 7. HP: 38/38 MP: 5/9
  5480 | Temple   | Entered the Ecumenical Temple
  5761 | D:4      | Reached skill level 7 in Crossbows
  5761 | D:4      | Reached skill level 5 in Hexes
  6310 | D:4      | Reached skill level 8 in Crossbows
  6741 | D:4      | Reached XP level 8. HP: 39/43 MP: 10/10
  6779 | D:4      | Reached skill level 9 in Crossbows
  7068 | D:4      | Found a basalt altar of Yredelemnul.
  7241 | D:5      | Entered Level 5 of the Dungeon
  7397 | D:5      | Noticed Ijyb
  7414 | D:5      | Killed Ijyb
  7917 | D:5      | Reached skill level 10 in Crossbows
  8125 | D:5      | Reached skill level 1 in Short Blades
  8567 | D:6      | Learned a level 3 spell: Regeneration
  8974 | D:6      | Reached XP level 9. HP: 47/47 MP: 11/11
  9764 | D:7      | Noticed Dowan
  9765 | D:7      | Noticed Duvessa
  9778 | D:7      | Killed Duvessa
  9802 | D:7      | Killed Dowan
 10148 | D:7      | Reached skill level 5 in Short Blades
 10844 | D:7      | Found a shadowy altar of Dithmenos.
 10881 | D:7      | Reached XP level 10. HP: 25/52 MP: 13/13
 10927 | D:7      | Became a worshipper of Dithmenos the Shadowed
 11043 | D:7      | Learned a level 4 spell: Enslavement
 11362 | D:8      | Found an ancient bone altar of Kikubaaqudgha.
 12011 | D:8      | Killed from afar by an orc priest

Action                   |  1- 3 |  4- 6 |  7- 9 | 10-12 || total
-------------------------+-------+-------+-------+-------++-------
Melee: Dagger            |   161 |   169 |   497 |   180 ||  1007
       Unarmed           |    10 |       |       |       ||    10
       Short sword       |       |       |    14 |       ||    14
 Fire: Crossbow          |    12 |    66 |   128 |       ||   206
 Cast: Corona            |     2 |     2 |     5 |       ||     9
       Slow              |       |     4 |    10 |       ||    14
       Inner Flame       |       |     1 |     6 |       ||     7
       Enslavement       |       |       |       |     2 ||     2
Evoke: Wand              |       |     2 |     4 |       ||     6
  Use: Scroll            |     2 |     7 |     7 |     3 ||    19
       Potion            |       |     2 |     3 |       ||     5
 Stab: Confused          |       |       |     2 |       ||     2
